 Dungeon Crawl Stone Soup version 0.30-a0-852-g08b95dd62f (webtiles) character file.

Game seed: 16876911781792569991

417530 holysushi the Acrobat (level 23, -3/161 HPs)
             Began as an Octopode Conjurer on Mar 4, 2023.
             Was an Initiate of Gozag.
             Killed by an exploding ball lightning (13 damage)
             ... on level 4 of the Vaults on Mar 5, 2023.
             The game lasted 02:49:13 (85602 turns).

holysushi the Acrobat (Octopode Conjurer)          Turns: 85602, Time: 02:49:14

Health: -3/161     AC: 15    Str:  7    XL:     23   Next: 64%
Magic:  1/45       EV: 46    Int: 32    God:    Gozag
Gold:   4676       SH: 20    Dex: 42    Spells: 14/58 levels left

rFire   + + .      SeeInvis +    a - +3 Elemental Staff {rElec rF++ rC++ AC+5}
rCold   + + +      Faith    .    I - +1 kite shield {AC+3}
rNeg    + + .      Spirit   .    i - +2 hat
rPois   +          Reflect  .    c - amulet "Athradgh" {+Inv rC+ Regen+}
rElec   +          Rampage  .    D - ring of the Indestructible God {rPois AC+4 Dex+3 Stlth+}
rCorr   .                        p - +6 ring of dexterity
Will    ++...                    A - ring "Qocherru" {Int+6 Slay+5}
Stlth   +++++++++                B - ring of see invisible
HPRegen 1.26/turn                n - +6 ring of dexterity
MPRegen 0.29/turn                y - +6 ring of dexterity
                                 s - ring "Kaeph" {rC+ rN+ Will+ Slay+4 Stlth+}
                                 t - ring "Lovigas" {rN+ Dex+6}

@: marked, gold aura, studying Air Magic
A: almost no armour, amphibious, 8 rings, camouflage 1, gelatinous body 1,
(nimble swimmer 1), tentacles, cold resistance 1, wild magic 1
}: 2/15 runes: decaying, serpentine
a: Renounce Religion, Evoke Invisibility, Potion Petition, Call Merchant, Bribe
Branch


You were on level 4 of the Vaults.
You worshipped Gozag.
Gozag was most pleased with you.
You visited 9 branches of the dungeon, and saw 42 of its levels.
You visited 2 bazaars.
You also visited: Sewer, Gauntlet, Ice Cave and Wizlab.

You collected 22593 gold pieces.
You spent 5852 gold pieces at shops.
You paid 12065 gold pieces to Gozag.

Inventory:

Hand Weapons
 a - the +3 Elemental Staff (weapon) {rElec rF++ rC++ AC+5}
   (You found it on level 7 of the Dungeon)

   It enhances your fire, ice, earth and air magic.
   AC:        It affects your AC (+5).
   rF:        It greatly protects you from fire.
   rC:        It greatly protects you from cold.
   rElec:     It insulates you from electricity.
Armour
 i - a +2 hat (worn)
 I - a +1 kite shield of protection (worn)
Magical Staves
 J - a staff of conjuration
Jewellery
 b - a ring of wizardry
 c - the amulet "Athradgh" (around mantle) {+Inv rC+ Regen+}
   (You took it off a deep elf demonologist on level 3 of the Elven Halls)

   [amulet of regeneration]

   rC:        It protects you from cold.
   +Inv:      It lets you turn invisible.
   Regen:     It increases your rate of health regeneration.
 h - a ring of willpower
 n - a +6 ring of dexterity (on tentacle)
 p - a +6 ring of dexterity (right tentacle)
 s - the ring "Kaeph" (on tentacle) {rC+ rN+ Will+ Slay+4 Stlth+}
   (You took it off a deep elf master archer on level 3 of the Elven Halls)

   [ring of slaying]

   Slay:      It affects your accuracy & damage with ranged weapons and melee
   (+4).
   rC:        It protects you from cold.
   rN:        It protects you from negative energy.
   Will:      It increases your willpower.
   Stlth:     It makes you more stealthy.
 t - the ring "Lovigas" (on tentacle) {rN+ Dex+6}
   (You found it on level 4 of the Depths)

   [ring of dexterity]

   Dex:       It affects your dexterity (+6).
   rN:        It protects you from negative energy.
 y - a +6 ring of dexterity (on tentacle)
 A - the ring "Qocherru" (on tentacle) {Int+6 Slay+5}
   (You bought it in a shop on level 1 of the Elven Halls)

   [ring of intelligence]

   Int:       It affects your intelligence (+6).
   Slay:      It affects your accuracy & damage with ranged weapons and melee
   (+5).
 B - a ring of see invisible (on tentacle)
 D - the ring of the Indestructible God (left tentacle) {rPois AC+4 Dex+3 Stlth+}
   (You bought it in a shop on level 11 of the Dungeon)

   [ring of protection]

   AC:        It affects your AC (+4).
   Dex:       It affects your dexterity (+3).
   rPois:     It protects you from poison.
   Stlth:     It makes you more stealthy.
 U - a ring of willpower
 V - a +6 ring of intelligence
 Z - the ring "Webaoc" {Fly rElec rC++ Int-2 Dex+6}
   (You took it off a vampire knight on level 3 of the Depths)

   [ring of dexterity]

   Int:       It affects your intelligence (-2).
   Dex:       It affects your dexterity (+6).
   rC:        It greatly protects you from cold.
   rElec:     It insulates you from electricity.
   Fly:       It grants you flight.
Wands
 u - a wand of acid (12)
 E - a wand of mindburst (16)
 F - a wand of flame (43)
 G - a wand of digging (14)
 H - a wand of charming (19)
 X - a wand of iceblast (21)
Scrolls
 g - 5 scrolls of blinking
 j - 6 scrolls of immolation
 k - 10 scrolls of vulnerability
 m - 6 scrolls of butterflies
 q - 4 scrolls of silence
 x - 10 scrolls of teleportation
 z - 10 scrolls of fear
 N - 3 scrolls of magic mapping
 Y - 5 scrolls of fog
Potions
 d - 11 potions of attraction
 e - 17 potions of curing
 f - a potion of resistance
 l - 7 potions of brilliance
 o - 11 potions of mutation
 r - 2 potions of invisibility
 v - 11 potions of lignification
 w - 10 potions of flight
 C - 11 potions of might
 K - 5 potions of heal wounds
 O - 2 potions of berserk rage
 Q - 3 potions of magic
 S - 2 potions of cancellation
 T - a potion of ambrosia
 W - 11 potions of haste
Miscellaneous
 L - a condenser vane
 P - a box of beasts
 R - a phantom mirror


   Skills:
 + Level 14.7 Fighting
 + Level 5.4 Staves
 - Level 21.0 Dodging
 - Level 10.0 Stealth
 * Level 14.9 Shields
 + Level 18.2 Spellcasting
 - Level 19.0 Conjurations
 - Level 4.0 Hexes
 - Level 7.0 Summonings
 + Level 6.5 Air Magic
 - Level 8.8 Evocations


You had 14 spell levels left.
You knew the following spells:

 Your Spells              Type           Power      Damage    Failure   Level
a - Iron Shot             Conj/Erth      54%        9d10      11%         6
b - Irradiate             Conj/Tmut      43%        3d26      2%          5
c - Conjure Ball Lightni  Conj/Air       60%        3x3d22    3%          6
d - Fulminant Prism       Conj/Hex       46%        3d21      1%          4
e - Iskenderun's Mystic   Conj/Tloc      86%        2d17      1%          4
f - Magic Dart            Conj           100%       1d8       1%          1
g - Searing Ray           Conj           100%       2d8       1%          2
h - Dazzling Flash        Conj/Hex       100%       N/A       1%          3
i - Lightning Bolt        Conj/Air       60%        1d83      1%          5
j - Spellforged Servitor  Conj/Summ      49%        N/A       14%         7
k - Apportation           Tloc           74%        N/A       4%          1

Your spell library contained the following spells:

 Spells                   Type           Power      Damage    Failure   Level
 Shock                    Conj/Air       100%       1d9       1%          1
 Summon Small Mammal      Summ           100%       N/A       1%          1
 Poisonous Vapours        Pois/Air       100%       N/A       1%          2
 Mephitic Cloud           Conj/Pois/Air  100%       N/A       1%          3
 Stone Arrow              Conj/Erth      100%       3d13      1%          3
 Swiftness                Air            95%        N/A       1%          3
 Sticky Flame             Conj/Fire      100%       2d11      1%          4
 Arcjolt                  Conj/Air       60%        1d70      1%          5
 Iskenderun's Battlesphe  Conj           100%       2d15      1%          5
 Cigotuvi's Dreadful Rot  Necr/Pois/Air  100%       N/A       2%          2
 Summon Lightning Spire   Summ/Air       96%        N/A       2%          4
 Ensorcelled Hibernation  Hex/Ice        100%       N/A       3%          2
 Vhi's Electric Charge    Tloc/Air       100%       N/A       3%          3
 Airstrike                Air            47%        2d(7-23)  3%          4
 Freezing Cloud           Conj/Ice/Air   64%        6-21      3%          5
 Beastly Appendage        Tmut           74%        N/A       4%          1
 Necrotise                Necr           100%       1d9       4%          1
 Inner Flame              Hex/Fire       69%        N/A       5%          3
 Sublimation of Blood     Necr           37%        N/A       6%          2
 Wereblood                Tmut           37%        N/A       6%          2
 Cause Fear               Hex            31%        N/A       7%          4
 Summon Ice Beast         Ice/Summ       79%        N/A       9%          4
 Ozocubu's Armour         Ice            54%        N/A       11%         3
 Spider Form              Tmut/Pois      37%        N/A       11%         3
 Silence                  Hex/Air        44%        N/A       11%         5
 Summon Mana Viper        Hex/Summ       70%        N/A       11%         5
 Anguish                  Hex/Necr       26%        N/A       14%         4
 Summon Forest            Summ/Tloc      30%        N/A       22%         5
 Summon Cactus Giant      Summ           38%        N/A       28%         6
 Dispel Undead            Necr           37%        3d15      30%         4
 Manifold Assault         Tloc           37%        N/A       30%         4
 Olgreb's Toxic Radiance  Pois           37%        N/A       30%         4
 Passage of Golubria      Tloc           37%        N/A       30%         4
 Petrify                  Tmut/Erth      54%        N/A       30%         4
 Metabolic Englaciation   Hex/Ice        34%        N/A       36%         5
 Yara's Violent Unravell  Hex/Tmut       26%        3d11      36%         5
 Borgnjor's Vile Clutch   Necr/Erth      27%        N/A       63%         5
 Monstrous Menagerie      Summ           38%        N/A       80%         7
 Lehudib's Crystal Spear  Conj/Erth      54%        10d13     98%         8
 Death Channel            Necr           18%        N/A       99%         6
 Dispersal                Tloc           18%        N/A       99%         6
 Statue Form              Tmut/Erth      36%        N/A       99%         6
 Enfeeble                 Hex            31%        N/A       99%         7
 Haunt                    Necr/Summ      30%        N/A       99%         7
 Malign Gateway           Summ/Tloc      30%        N/A       99%         7
 Storm Form               Tmut/Air       39%        N/A       99%         7
 Ozocubu's Refrigeration  Ice            27%        4d13      100%        7
 Borgnjor's Revivificati  Necr           18%        N/A       100%        8
 Discord                  Hex            31%        N/A       100%        8
 Disjunction              Tloc           18%        N/A       100%        8
 Ignition                 Fire           27%        3d9       100%        8
 Infestation              Necr           18%        N/A       100%        8
 Maxwell's Capacitive Co  Air            47%        ∞         100%        8
 Necromutation            Tmut/Necr      18%        N/A       100%        8
 Summon Horrible Things   Summ           38%        N/A       100%        8
 Death's Door             Necr           18%        N/A       100%        9
 Polar Vortex             Ice            27%        N/A       100%        9
 Animate Armour           Summ/Erth      Unusable   N/A       N/A         4
 Animate Dead             Necr           Unusable   N/A       N/A         4
 Simulacrum               Ice/Necr       Unusable   N/A       N/A         6

Dungeon Overview and Level Annotations

Branches:
Dungeon (15/15) Zot: 25663  Temple (1/1) D:5 Zot: 5788    Lair (5/5) D:9 Zot: 16306
  Swamp (4/4) Lair:2 Zot: 17537   Snake (4/4) Lair:2 Zot: 17159   Slime (0/5) Lair:4
    Orc (2/2) D:11 Zot: 5524     Elf (3/3) Orc:2 Zot: 10485  Vaults (4/5) D:14 Zot: 17188
  Crypt (0/3) Vaults:3     Depths (4/4) D:15 Zot: 13968     Zot (0/5) Depths:4
  Sewer (visited)           IceCv (visited)          WizLab (visited)
Gauntlet (visited)

Altars:
Ashenzari
Cheibriados
Dithmenos
Elyvilon
Fedhas
Gozag
Hepliaklqana
Kikubaaqudgha
Makhleb
Nemelex Xobeh
Okawaru
Qazlal
Ru
Sif Muna
Trog
Uskayaw
Vehumet
Wu Jian
Xom
Yredelemnul
Zin
The Shining One
Jiyva

Shops:
D:4 :   D:6 ?[(?=   D:8 *   D:9 :   D:10 **   D:11 =   Orc:2 :[:(   Elf:1 ==!=
Elf:2 *   Elf:3 (   Vaults:3 !?((   Depths:4 [([[[

Portals:
Hell: Depths:1 Depths:2 Depths:3 Depths:4
Abyss: Depths:3
Pandemonium: Depths:2 Depths:3
Ziggurat: Depths:3

Annotations:
D:6 1 runed translucent door, Crazy Yiuf
D:7 4 runed translucent doors
Elf:1 6 runed translucent doors
Elf:2 5 runed translucent doors
Vaults:1 3 runed translucent doors, Kevimi's ghost, adept FeNe; Luiw's ghost, veteran HOBe
Depths:1 1 runed translucent door, browni3141's ghost, adept KoAr


Innate Abilities, Weirdness & Mutations

You cannot wear most types of armour.
You are amphibious.
You can wear up to eight rings at the same time.
Your skin changes colour to match your surroundings (Stealth+).
Your rubbery body absorbs attacks. (AC +1, EV +1)
((You are camouflaged when in or above water. (Stealth+)))
You have tentacles for arms and can constrict up to eight enemies at once.
Your flesh is cold resistant. (rC+)
Your spells are a little harder to cast, but a little more powerful.


Message History

The blast of lightning engulfs you! You resist.
* * * LOW HITPOINT WARNING * * *
The blast of lightning engulfs your ball lightning.
Your ball lightning completely resists.
Your ball lightning explodes!
The blast of lightning engulfs you! You resist.
* * * LOW HITPOINT WARNING * * *
The blast of lightning engulfs the orc!!!
You kill the orc!
The blast of lightning engulfs your ball lightning.
Your ball lightning completely resists.
Casting: Conjure Ball Lightning (dangerous; 3% risk of failure)
Confirm with . or Enter, or press ? or * to list all spells.
You feel a surge of power!
You create some ball lightning! 3 ball lightnings come into view.
The orc warrior shoots a bolt.
The bolt hits your ball lightning!
Your ball lightning explodes!
The blast of lightning engulfs your ball lightning.
Your ball lightning completely resists.
The blast of lightning engulfs the orc warrior!!
The orc warrior is severely wounded.
The blast of lightning engulfs your ball lightning.
Your ball lightning completely resists.
The blast of lightning engulfs you! You resist.
* * * LOW HITPOINT WARNING * * *
Your ball lightning explodes!
The blast of lightning engulfs the orc warrior!
The orc warrior is almost dead.
The blast of lightning engulfs your ball lightning.
Your ball lightning completely resists.
The blast of lightning engulfs you. You resist.
* * * LOW HITPOINT WARNING * * *
Your ball lightning explodes!
The blast of lightning engulfs your ball lightning.
Your ball lightning completely resists.
The blast of lightning engulfs the orc warrior!!
You kill the orc warrior!
The blast of lightning engulfs you! You resist.
You die...
Your body crumbles into a pile of gold.

########o....#......#
#..o..#......#
#....$+......#
#.....#......#
#...$.#......# .
#..$..#......# $
#..§..#####+### ###.
#..§..# #.....####.$.
#..*@§##..###..##.$..
$ #...§.#..#
##..+..$$ #.....#..
##.##$.$ #.....'.
#.####$ #.....#. ^.#
$ #.....#.. #(.#
#.....# .. ..##
#.....# #.. ..# ##


You could see an orc (strong) and a friendly ball lightning.

Vanquished Creatures
  A juggernaut (Depths:4)
  Vv (Depths:1)
  Sojobo (Vaults:3)
  A caustic shrike (Depths:2)
  Bai Suzhen (Vaults:3)
  Nikola (Snake:2)
  4 golden dragons
  A bone dragon (Swamp:4)
  Rupert (Lair:3)
  A tentacled monstrosity (Depths:2)
  A lich (Depths:2)
  2 deep elf blademasters (Elf:3)
  2 titans
  2 deep elf master archers (Elf:3)
  A thorn hunter (Swamp:2)
  A quicksilver dragon (Depths:1)
  4 sphinxes
  Kirke (D:12)
  Donald (Swamp:3)
  3 tengu reavers
  4 storm dragons
  2 fenstrider witches
  4 nagarajas (Snake:4)
  2 balrugs
  3 fire giants
  3 deep elf sorcerers (Elf:3)
  9 frost giants
  A draconian shifter (Depths:4)
  Aizul (Snake:2)
  9 vault wardens
  Louise (Swamp:3)
  4 deep elf elementalists (Elf:3)
  4 draconian stormcallers (Depths:4)
  10 stone giants
  7 ironbound preservers
  2 spriggan defenders (Depths:3)
  2 orc warlords
  A very ugly thing (Vaults:2)
  5 eleionomae
  9 ironbound thunderhulks
  5 vampire knights
  Azrael (D:15)
  7 deep elf demonologists
  Nessos (D:12)
  6 deep elf annihilators (Elf:3)
  9 bunyips
  A lorocyproca (Depths:3)
  A yellow draconian (Depths:4)
  12 dire elephants
  4 spark wasps (Depths:3)
  2 red draconians (Depths:4)
  6 deep elf death magi
  6 ettins
  A jiangshi (Depths:1)
  A fire dragon (D:14)
  A fire dragon (shapeshifter) (Vaults:2)
  Snorg (D:13)
  6 deep elf high priests
  A merfolk javelineer (WizLab)
  A quicksilver dragon zombie (Depths:3)
  3 entropy weavers
  A peacekeeper (Vaults:3)
  3 salamander tyrants
  5 yaktaur captains
  3 great orbs of eyes
  5 shambling mangroves
  11 hydras
  4 ghost crabs
  10 ice dragons
  8 vault guards
  3 rakshasas
  4 boulder beetles
  4 spriggan air magi
  8 ironbound frosthearts
  A nameless horror (Depths:1)
  6 centaur warriors
  8 anacondas
  A two-headed ogre (D:12)
  15 dancing weapons
  5 tengu warriors
  4 alligators
  2 deep troll shamans
  2 hell hogs (Depths:2)
  2 vampire magi
  7 death yaks
  12 naga warriors
  13 naga sharpshooters
  A deep troll earth mage (Depths:1)
  7 shock serpents
  7 deep elf knights (Elf:1)
  4 spriggan berserkers
  2 soul eaters
  22 spriggans
  6 hell knights
  5 orc high priests (Orc:2)
  3 iron trolls
  2 skysharks (Lair:5)
  Amaemon (Lair:1)
  6 sun demons
  A spectral anaconda (Lair:5)
  2 sea snakes (Snake:4)
  6 salamander mystics
  A spectral death yak (Lair:5)
  11 goliath frogs
  A death drake (Swamp:4)
  3 spectral hydras (Swamp:4)
  2 glowing orange brains
  34 deep trolls
  5 swamp dragons
  2 flayed ghosts
  A storm dragon skeleton (Depths:3)
  11 naga ritualists
  6 spriggan druids
  A tengu zombie (Vaults:1)
  6 orc knights
  7 deep elf archers (Elf:1)
  4 bog bodies
  An orange crystal statue (Depths:1)
  An obsidian statue (Lair:5)
  15 wizards
  21 lindwurms
  A phantasmal warrior (Swamp:4)
  22 ironbound convokers
  A stone giant zombie (Vaults:1)
  9 deep elf zephyrmancers
  11 necromancers
  A sphinx zombie (Depths:3)
  An iron dragon zombie (Vaults:1)
  19 deep elf pyromancers
  14 mana vipers
  21 salamanders
  A manticore (D:14)
  3 will-o-the-wisps
  A fire giant zombie (Vaults:1)
  38 ugly things
  A tengu skeleton (Depths:3)
  3 cyclopes
  16 elephants
  An orc sorcerer (Orc:2)
  40 slime creatures
  23 naga magi
  2 ice statues (IceCv)
  A sphinx skeleton (Depths:3)
  55 black mambas
  A guardian serpent (Snake:3)
  An orange demon (Lair:1)
  16 vault sentinels
  6 smoke demons
  9 cane toads
  A yaktaur zombie (Vaults:1)
  21 yaktaurs
  Maggie (D:7)
  An efreet (D:15)
  9 komodo dragons
  Psyche (D:9)
  2 kobold demonologists
  7 rime drakes
  3 freezing wraiths
  A swamp worm zombie (Swamp:4)
  A tengu conjurer (Depths:1)
  2 ice devils (Depths:3)
  2 hydra zombies (Swamp:4)
  6 trolls
  A red devil (Depths:3)
  27 hornets
  8 tyrant leeches
  4 polar bears
  A harpy skeleton (Vaults:1)
  2 tengu simulacra (Vaults:1)
  Prince Ribbit (D:8)
  21 blink frogs
  5 bloated husks
  A spectral swamp dragon (Swamp:4)
  3 alligator zombies (Swamp:4)
  A jumping spider (shapeshifter) (D:14)
  A flying skull (Vaults:3)
  A centaur simulacrum (D:14)
  3 wraiths
  Sigmund (D:5)
  2 shadows (D:11)
  4 wyverns
  2 water elementals
  6 air elementals
  3 basilisks
  A vampire (D:13)
  3 humans (Vaults:2)
  40 yaks
  Eustachio (D:5)
  4 fire bats (Depths:3)
  7 fire elementals
  4 steam dragons
  4 hogs (D:12)
  3 redbacks (Vaults:1)
  A neqoxec (Depths:3)
  3 death yak simulacra (Lair:5)
  4 wargs
  14 swamp worms
  16 vampire mosquitoes
  46 nagas
  A naga (shapeshifter) (D:15)
  Edmund (D:5)
  A spectral cane toad (Lair:5)
  4 acid dragons
  Duvessa (D:7)
  14 water moccasins
  2 hell hounds (D:15)
  A floating eye (shapeshifter) (Elf:1)
  2 floating eyes
  41 orc warriors
  4 swamp drakes (Swamp:2)
  2 black bears (D:8)
  2 sky beasts (D:7)
  2 elephant zombies (Lair:5)
  4 swamp dragon zombies (Swamp:4)
  4 ogres
  3 boggarts (Vaults:1)
  5 centaurs
  12 wolves
  An elephant skeleton (Lair:5)
  7 phantoms
  An elf simulacrum (Vaults:1)
  4 kobold brigands
  5 bullfrogs
  3 earth elementals
  3 scorpions
  5 human skeletons (Vaults:1)
  A cane toad simulacrum (Lair:5)
  7 wights (D:8)
  Dowan (D:7)
  2 elephant simulacra (Lair:5)
  2 lindwurm simulacra (IceCv)
  8 killer bees
  4 howler monkeys
  An electric eel (Snake:2)
  A vampire bat (D:3)
  8 jellies
  6 hounds
  A human simulacrum (Vaults:1)
  9 komodo dragon simulacra (IceCv)
  27 orc priests
  A sleepcap (D:4)
  2 gnoll boudas (D:7)
  3 spectral swamp drakes (Swamp:4)
  Natasha (thrice) (D:2)
  15 orc wizards
  6 adders
  8 gnolls
  4 river rats
  5 acid dragon simulacra (IceCv)
  A white imp (D:7)
  5 steam dragon simulacra (IceCv)
  4 worms
  A dart slug (D:1)
  137 orcs
  13 bats
  12 endoplasms
  6 giant cockroaches
  4 goblins
  10 hobgoblins
  3 jackals (D:1)
  5 quokkas
  10 ball pythons
  6 frilled lizards
  26 kobolds
  7 rats
  A ball lightning (Elf:3)
  A bush (Lair:5)
  A fulminant prism (Elf:3)
1683 creatures vanquished.

Vanquished Creatures (collateral kills)
  A golden dragon (Depths:3)
  A tentacled monstrosity (Depths:3)
  A sphinx (Depths:3)
  2 storm dragons (Depths:3)
  Roxanne (Swamp:3)
  A tengu reaver (Vaults:3)
  A fire giant (Depths:1)
  A frost giant (Depths:2)
  An ironbound preserver (Vaults:4)
  A black draconian (Depths:4)
  2 vampire knights
  A spark wasp (Depths:3)
  A jiangshi (Depths:1)
  A deep elf high priest (Vaults:3)
  2 ice dragons
  A boulder beetle (D:14)
  3 deep troll earth magi (Depths:1)
  A shock serpent (Snake:2)
  An iron troll (Depths:2)
  2 nameless horrors
  A deep troll (Vaults:4)
  An ironbound convoker (Vaults:3)
  2 orc knights
  2 ugly things (Depths:1)
  A faun (shapeshifter) (Depths:1)
  5 black mambas
  A naga mage (Snake:1)
  A guardian serpent (Snake:3)
  A cane toad (Lair:1)
  A tengu conjurer (Depths:3)
  A wraith (D:7)
  A sky beast (D:6)
  A swamp dragon zombie (Swamp:4)
  An orc priest (D:6)
  A swamp drake zombie (Swamp:4)
  73 ball lightnings
120 creatures vanquished.

Vanquished Creatures (others)
  An ironbound preserver (Vaults:3)
  2 black mambas (Snake:3)
  A naga (Snake:3)
  1731 ball lightnings
  3 demonic plants (Gauntlet)
  4 foxfires
  268 fulminant prisms
  48 fungi
  77 plants
  29 withered plants (Lair:5)
2164 creatures vanquished.

Grand Total: 3967 creatures vanquished

Notes
Turn   | Place    | Note
-------+----------+-------------------------------------------
     0 | D:1      | holysushi the Octopode Conjurer began the quest for the
                  | Orb.
     0 | D:1      | Reached XP level 1. HP: 11/11 MP: 3/3
   170 | D:1      | Reached XP level 2. HP: 11/17 MP: 1/5
   558 | D:1      | Reached XP level 3. HP: 21/21 MP: 3/7
  1415 | D:2      | Learned a level 2 spell: Searing Ray
  1822 | D:2      | Reached XP level 4. HP: 27/27 MP: 7/9
  1992 | D:2      | Noticed Natasha
  1998 | D:2      | Killed Natasha
  2475 | D:2      | Noticed Natasha
  2485 | D:3      | Reached XP level 5. HP: 24/31 MP: 2/11
  2596 | D:2      | Killed Natasha
  2597 | D:2      | Reached skill level 5 in Conjurations
  2953 | D:2      | Noticed Natasha
  2961 | D:2      | Killed Natasha
  3416 | D:3      | Found an ancient bone altar of Kikubaaqudgha.
  3441 | D:3      | Found a stormy altar of Qazlal.
  3453 | D:3      | Learned a level 3 spell: Dazzling Flash
  3458 | D:3      | Learned a level 4 spell: Fulminant Prism
  3755 | D:3      | Reached XP level 6. HP: 36/36 MP: 8/12
  3759 | D:3      | Reached skill level 1 in Hexes
  4446 | D:4      | Found Zuyfir's Book Boutique.
  4819 | D:4      | Found a glowing drain.
  4836 | Sewer    | Entered a sewer
  5465 | Sewer    | Reached XP level 7. HP: 39/41 MP: 4/13
  6383 | D:4      | Found Zuyfir's Book Boutique.
  6903 | D:5      | Entered Level 5 of the Dungeon
  7009 | D:5      | Learned a level 4 spell: Iskenderun's Mystic Blast
  7029 | D:5      | Found a staircase to the Ecumenical Temple.
  7041 | Temple   | Entered the Ecumenical Temple
  7082 | Temple   | Became a worshipper of Gozag Ym Sagoz the Greedy
  7194 | D:5      | Found a blossoming altar of Fedhas.
  7343 | D:5      | Noticed Edmund
  7359 | D:5      | Noticed Sigmund
  7363 | D:5      | Gained mutation: Your flesh is cold resistant. (rC+)
                  | [potion of mutation]
  7363 | D:5      | Gained mutation: Your spells are a little harder to cast,
                  | but a little more powerful. [potion of mutation]
  7367 | D:5      | Killed Sigmund
  7368 | D:5      | Reached skill level 1 in Fighting
  7368 | D:5      | Reached XP level 8. HP: 26/48 MP: 5/14
  7507 | D:5      | Killed Edmund
  7508 | D:5      | Reached skill level 3 in Dodging
  8190 | D:5      | Found a bloodstained altar of Trog.
  8499 | D:5      | Noticed Eustachio
  8509 | D:5      | Killed Eustachio
  8510 | D:5      | Reached skill level 4 in Dodging
  9266 | D:6      | Reached skill level 5 in Dodging
  9518 | D:6      | Found a runed translucent door.
  9519 | D:6      | Noticed Crazy Yiuf
  9581 | D:6      | Found Ilousonu's Magic Scroll Emporium.
  9589 | D:6      | Bought a scroll of brand weapon for 133 gold pieces
  9589 | D:6      | Bought a scroll of identify for 28 gold pieces
  9589 | D:6      | Bought a scroll of magic mapping for 105 gold pieces
  9589 | D:6      | Bought a scroll of enchant weapon for 105 gold pieces
  9595 | D:6      | Bought a scroll of identify for 28 gold pieces
  9601 | D:6      | Found Vimada's Weapon Shop.
  9621 | D:6      | Found Faizoguh's Magic Scroll Boutique.
  9642 | D:6      | Found Syruhawk's Antique Armour Emporium.
  9689 | D:6      | Found Guidghis's Jewellery Shoppe.
  9843 | D:7      | Reached XP level 9. HP: 54/54 MP: 9/15
 10031 | D:7      | Found the +3 Elemental Staff {rElec rF++ rC++ AC+5}
 10111 | D:7      | Found a large runed translucent door.
 10111 | D:7      | Found a large runed translucent door.
 10129 | D:7      | Found a large runed translucent door.
 10129 | D:7      | Found a large runed translucent door.
 10334 | D:7      | Noticed Maggie
 10334 | D:7      | You fall into a shaft and drop 3 floors!
 10334 | D:10     | Entered Level 10 of the Dungeon
 10546 | D:7      | Killed Maggie
 10547 | D:7      | Reached skill level 5 in Spellcasting
 10900 | D:7      | Reached skill level 10 in Conjurations
 11002 | D:7      | Noticed a troll
 11004 | D:7      | Reached skill level 6 in Dodging
 11182 | D:7      | Identified the +0 helmet of Supple Strength {rC+ Will+}
 11598 | D:7      | Reached skill level 7 in Dodging
 11598 | D:7      | Reached XP level 10. HP: 48/60 MP: 10/19
 12280 | D:7      | Reached skill level 8 in Dodging
 12454 | D:7      | Noticed Dowan
 12726 | D:7      | Noticed Duvessa
 12731 | D:7      | Killed Duvessa
 12746 | D:7      | Killed Dowan
 13061 | D:6      | Bought a +5 ring of evasion for 396 gold pieces
 13132 | D:8      | Noticed Prince Ribbit
 13133 | D:8      | Reached skill level 1 in Evocations
 13233 | D:8      | Killed Prince Ribbit
 13819 | D:8      | Found Buoducva's Lightly-Used Armoury.
 13991 | D:8      | Reached skill level 5 in Stealth
 14976 | D:9      | Noticed a wizard
 14984 | D:9      | Killed a wizard
 14985 | D:9      | Reached skill level 9 in Dodging
 15128 | D:9      | Found a staircase to the Lair.
 15180 | D:9      | Noticed Psyche
 15258 | D:9      | Killed Psyche
 15259 | D:9      | Reached XP level 11. HP: 60/69 MP: 8/20
 15818 | D:9      | Bought a book of Storms for 448 gold pieces
 15824 | D:9      | Learned a level 5 spell: Lightning Bolt
 15886 | D:10     | Reached skill level 1 in Air Magic
 16372 | D:10     | Found Xobameu's General Store.
 16372 | D:10     | Found Meutaefi's Specific Store.
 16638 | Lair:1   | Entered Level 1 of the Lair of Beasts
 17161 | Lair:1   | Reached skill level 10 in Dodging
 17273 | Lair:1   | Noticed Amaemon
 17284 | Lair:1   | Killed Amaemon
 18172 | D:6      | Bought a +6 ring of dexterity for 396 gold pieces
 18340 | Lair:2   | Found a gate leading to a gauntlet.
 18340 | Lair:2   | Found a sparkling altar of Nemelex Xobeh.
 18340 | Lair:2   | You fall into a shaft and drop 1 floor!
 18476 | Lair:3   | Noticed Rupert
 18516 | Lair:2   | Found a staircase to the Swamp.
 18568 | Gauntlet | Entered a Gauntlet
 18568 | Gauntlet | Noticed a wretched star
 18568 | Gauntlet | Found a transporter.
 18568 | Gauntlet | Found a transporter.
 18568 | Gauntlet | Found a transporter.
 18571 | Gauntlet | Noticed a wizard
 18593 | Gauntlet | Found a transporter.
 18595 | Gauntlet | Found a transporter.
 18605 | Gauntlet | Found a transporter.
 18617 | Gauntlet | Found a transporter.
 18625 | Gauntlet | Found a transporter.
 18645 | Gauntlet | Found a transporter.
 18651 | Gauntlet | Found a transporter.
 18651 | Gauntlet | Noticed a sixfirhy
 18669 | Gauntlet | Found a transporter.
 18721 | Gauntlet | Found a transporter.
 18793 | Lair:2   | Found a frozen archway.
 18800 | Lair:2   | Reached XP level 12. HP: 74/74 MP: 15/24
 18857 | IceCv    | Entered an ice cave
 19467 | IceCv    | Noticed an ice dragon
 19848 | IceCv    | Killed an ice dragon
 20526 | Lair:2   | Reached skill level 10 in Spellcasting
 21101 | Lair:2   | Found a staircase to the Snake Pit.
 21325 | Lair:2   | Noticed a four-headed hydra
 21336 | Lair:2   | Killed a four-headed hydra
 22611 | Lair:3   | Noticed a six-headed hydra
 22616 | Lair:3   | Killed a six-headed hydra
 22617 | Lair:3   | Reached XP level 13. HP: 78/81 MP: 2/27
 22869 | D:6      | Bought a ring of willpower for 275 gold pieces
 23020 | D:11     | Reached skill level 5 in Fighting
 24075 | D:11     | Found a staircase to the Orcish Mines.
 24449 | Orc:1    | Entered Level 1 of the Orcish Mines
 25195 | Orc:2    | Entered Level 2 of the Orcish Mines
 25453 | Orc:2    | Reached skill level 11 in Dodging
 25974 | Orc:2    | Found a staircase to the Elven Halls.
 28145 | Orc:2    | Reached skill level 5 in Evocations
 29023 | Orc:2    | Reached skill level 12 in Dodging
 29537 | Orc:2    | Found Onweisa's Book Shoppe.
 29540 | Orc:2    | Found Povvon's Book Shoppe.
 29541 | Orc:2    | Found Qopegota's Antique Weapon Shoppe.
 29542 | Orc:2    | Found Dopekkedab's Antique Armour Emporium.
 29549 | Orc:2    | Bought a book of Alchemy for 364 gold pieces
 29549 | Orc:2    | Bought a book of Chaos for 650 gold pieces
 29555 | Orc:2    | Learned a level 5 spell: Irradiate
 29562 | Orc:2    | Learned a level 6 spell: Conjure Ball Lightning
 30617 | D:12     | Noticed Kirke
 30621 | D:12     | Killed Kirke
 30895 | D:12     | Reached XP level 14. HP: 87/90 MP: 16/28
 31282 | D:12     | Noticed Nessos
 31295 | D:12     | Killed Nessos
 32338 | Lair:3   | Killed Rupert
 32684 | Lair:3   | Reached skill level 13 in Dodging
 34141 | Lair:4   | Found a viscous altar of Jiyva.
 34141 | Lair:4   | Found a staircase to the Slime Pits.
 35176 | Lair:5   | Entered Level 5 of the Lair of Beasts
 35180 | Lair:5   | Reached skill level 15 in Conjurations
 37184 | Lair:5   | Reached XP level 15. HP: 85/94 MP: 17/31
 37329 | Lair:5   | Reached skill level 14 in Dodging
 41164 | D:13     | Noticed Snorg
 41166 | D:13     | Killed Snorg
 41596 | D:13     | Found a burning altar of Makhleb.
 42447 | Elf:1    | Entered Level 1 of the Elven Halls
 43034 | Elf:1    | Found a magical portal.
 43047 | WizLab   | Entered Alistair's Party Mansion
 43055 | WizLab   | Reached skill level 15 in Dodging
 43971 | Elf:1    | Reached XP level 16. HP: 72/105 MP: 16/33
 44197 | Elf:1    | Paralysed by an air elemental for 1 turns
 44393 | Elf:1    | Identified the +9 battleaxe of Evesuyd {pain, rPois Str+3}
 45736 | Elf:1    | Found a runed translucent gate.
 45736 | Elf:1    | Found a runed translucent gate.
 45736 | Elf:1    | Found a runed translucent gate.
 45736 | Elf:1    | Found a runed translucent gate.
 45736 | Elf:1    | Found a runed translucent gate.
 45740 | Elf:1    | Found a runed translucent gate.
 45742 | Elf:1    | Noticed a storm dragon
 45742 | Elf:1    | Noticed a storm dragon
 45900 | Elf:1    | Found Asaukhla's Distillery.
 46697 | Elf:2    | Found Ogigh's Assorted Antiques.
 46708 | Elf:2    | Bought a scroll labelled SEDIETET TAEFI for 30 gold pieces
 47552 | Elf:1    | Bought the ring "Qocherru" {Int+6 Slay+5} for 1088 gold
                  | pieces
 47643 | Elf:2    | Found a huge runed translucent gate.
 47643 | Elf:2    | Found a huge runed translucent gate.
 47643 | Elf:2    | Found a huge runed translucent gate.
 47643 | Elf:2    | Found a huge runed translucent gate.
 47643 | Elf:2    | Found a huge runed translucent gate.
 47696 | Elf:3    | Entered Level 3 of the Elven Halls
 47732 | Elf:3    | Found Yqau's Weapon Boutique.
 47804 | Elf:3    | Identified the amulet "Athradgh" {+Inv rC+ Regen+}
 47981 | Elf:3    | Noticed a Tzitzimitl
 48293 | Elf:3    | Identified the +8 quarterstaff of the Eel {speed, *Rage
                  | rPois Str+3 SInv}
 48372 | Elf:3    | Identified the +0 battleaxe of Diet Blood {antimagic, rElec
                  | Int+2}
 48384 | Elf:3    | Reached skill level 10 in Fighting
 48451 | Elf:3    | Noticed a deep elf master archer
 48688 | Elf:3    | Killed a deep elf master archer
 49213 | Elf:3    | Identified the ring of Efaoclas {Fire Str+2}
 49285 | Elf:3    | Noticed a Hell Sentinel
 49302 | Elf:3    | Noticed a deep elf blademaster
 49308 | Elf:3    | Killed a deep elf blademaster
 49309 | Elf:3    | Reached XP level 17. HP: 104/115 MP: 11/35
 49461 | Elf:3    | Identified the ring "Kaeph" {rC+ rN+ Will+ Slay+4 Stlth+}
 49461 | Elf:3    | Noticed a deep elf master archer
 49469 | Elf:3    | Killed a deep elf master archer
 49707 | Elf:3    | Reached skill level 10 in Stealth
 49964 | Elf:3    | Identified the +1 battleaxe of Daonely {heavy, rC- Int+5
                  | SInv}
 50081 | Elf:3    | Noticed a deep elf blademaster
 50084 | Elf:3    | Killed a deep elf blademaster
 50212 | Elf:3    | Reached skill level 15 in Spellcasting
 50432 | Elf:3    | Identified the +8 short sword of a Hundred Spirits
                  | {antimagic, rElec}
 51290 | D:9      | Bought a book of Power for 588 gold pieces
 51299 | D:9      | Learned a level 6 spell: Iron Shot
 51307 | D:9      | Learned a level 7 spell: Spellforged Servitor
 51427 | Snake:1  | Entered Level 1 of the Snake Pit
 52349 | D:11     | Bought the ring of the Indestructible God {rPois AC+4 Dex+3
                  | Stlth+} for 957 gold pieces
 52463 | Swamp:1  | Entered Level 1 of the Swamp
 52641 | Snake:1  | Reached skill level 1 in Summonings
 52988 | Snake:2  | Noticed Nikola
 52995 | Snake:2  | Killed Nikola
 53979 | Snake:2  | Noticed Aizul
 53984 | Snake:2  | Killed Aizul
 54297 | Snake:2  | Found a runed translucent door.
 54915 | Snake:2  | Reached skill level 16 in Dodging
 55176 | Snake:3  | Found a flickering gateway to a bazaar.
 55242 | Snake:3  | Learned a level 1 spell: Apportation
 55249 | Bazaar   | Entered a bazaar
 55397 | Bazaar   | Found Miaxuo's Assorted Antiques.
 55454 | Bazaar   | Found Fes Ytov's Antique Armour Boutique.
 55471 | Bazaar   | Found Peto Fas's Antique Weapon Shoppe.
 55486 | Bazaar   | Bought a shimmering scimitar for 261 gold pieces
 55486 | Bazaar   | Identified the +12 scimitar "Paott" {heavy, Fragile rF++
                  | Dex+5} (You bought it in a shop in a bazaar)
 55693 | Snake:3  | Reached XP level 18. HP: 84/120 MP: 30/37
 55975 | Snake:4  | Entered Level 4 of the Snake Pit
 56012 | Snake:4  | Reached skill level 17 in Dodging
 57057 | Snake:4  | Reached skill level 18 in Dodging
 58364 | Snake:4  | Reached skill level 19 in Dodging
 58899 | Snake:4  | Got a serpentine rune of Zot
 59356 | Swamp:1  | Reached XP level 19. HP: 90/126 MP: 22/38
 59570 | Swamp:1  | Reached skill level 1 in Shields
 59868 | Swamp:1  | Reached skill level 20 in Dodging
 62528 | Swamp:3  | Noticed Donald
 62534 | Swamp:3  | Killed Donald
 62991 | Swamp:3  | Noticed Louise
 63001 | Swamp:3  | Killed Louise
 63290 | Swamp:3  | Noticed Roxanne
 63305 | Swamp:3  | Killed Roxanne
 63530 | Swamp:4  | Entered Level 4 of the Swamp
 63606 | Swamp:4  | Reached skill level 5 in Shields
 65343 | Swamp:4  | Noticed a bone dragon
 65353 | Swamp:4  | Killed a bone dragon
 65480 | Swamp:4  | Got a decaying rune of Zot
 66126 | D:14     | Found an ornate altar of the Wu Jian Council.
 66136 | D:14     | Reached XP level 20. HP: 110/135 MP: 32/39
 66222 | D:14     | Found a gate to the Vaults.
 67265 | D:15     | Entered Level 15 of the Dungeon
 67281 | D:15     | Noticed Azrael
 67287 | D:15     | Killed Azrael
 67643 | D:15     | Found a staircase to the Depths.
 67987 | Depths:1 | Entered Level 1 of the Depths
 69012 | Depths:1 | Reached skill level 21 in Dodging
 69265 | Depths:1 | Found a runed translucent door.
 69265 | Depths:1 | Found a shimmering altar of Xom.
 69265 | Depths:1 | Noticed browni3141's ghost (adept KoAr)
 69616 | Depths:1 | Found a glowing golden altar of the Shining One.
 69887 | Depths:1 | Found a gateway to Hell.
 70705 | Depths:2 | Noticed a golden dragon
 70992 | Depths:2 | Noticed Vv
 71650 | Depths:1 | Killed Vv
 72001 | Depths:1 | Identified the +8 chain mail of the Fife {*Corrode rC+ rN+
                  | Int+3}
 72085 | Depths:1 | Found a gateway to Hell.
 72363 | Depths:1 | Found a glowing golden altar of the Shining One.
 72730 | Depths:2 | Found a one-way gate leading to the halls of Pandemonium.
 72789 | Depths:2 | Killed a golden dragon
 72941 | Depths:2 | Noticed a caustic shrike
 72946 | Depths:2 | Killed a caustic shrike
 72947 | Depths:2 | Reached XP level 21. HP: 86/143 MP: 5/41
 73190 | Depths:2 | Found an iron altar of Okawaru.
 73194 | Depths:2 | Found a broken altar of Ashenzari.
 73755 | Depths:2 | Got the Octavo of the Bewitching Salvo
 74393 | Depths:3 | Noticed a golden dragon
 74398 | Depths:3 | Killed a golden dragon
 74786 | Depths:3 | Found the +8 arc blade {discharge, rElec}
 74872 | Depths:3 | Reached skill level 10 in Shields
 75036 | Depths:3 | Identified a scroll of acquirement
 75050 | Depths:3 | Acquired 1211 gold pieces
 75075 | Depths:3 | Found a glowing golden altar of the Shining One.
 75314 | Depths:3 | Found a one-way gate to the infinite horrors of the Abyss.
 75521 | Depths:3 | Noticed a golden dragon
 75526 | Depths:3 | Killed a golden dragon
 75592 | Depths:3 | Found a one-way gateway to a ziggurat.
 75707 | Depths:3 | Noticed a golden dragon
 75731 | Depths:3 | Killed a golden dragon
 76057 | Depths:3 | Identified the +1 glaive of Dauwu {freeze, rCorr Int+2}
 76057 | Depths:3 | Identified the ring "Webaoc" {Fly rElec rC++ Int-2 Dex+6}
 77078 | Depths:4 | Entered Level 4 of the Depths
 77102 | Depths:4 | Noticed a juggernaut
 77107 | Depths:4 | Killed a juggernaut
 77625 | Depths:4 | Identified the ring "Lovigas" {rN+ Dex+6}
 77807 | Depths:4 | Noticed a golden dragon
 77816 | Depths:4 | Reached XP level 22. HP: 103/152 MP: 22/43
 77817 | Depths:4 | Killed a golden dragon
 77993 | Depths:4 | Found a gate to the Realm of Zot.
 78618 | Vaults:1 | Entered Level 1 of the Vaults
 78629 | Vaults:1 | Reached skill level 5 in Summonings
 79660 | Vaults:1 | Found a runed translucent gate.
 79660 | Vaults:1 | Found a runed translucent gate.
 79661 | Vaults:1 | Found a runed translucent gate.
 79661 | Vaults:1 | Noticed Kevimi's ghost (adept FeNe)
 79661 | Vaults:1 | Noticed Luiw's ghost (veteran HOBe)
 80475 | Vaults:1 | You fall into a shaft and drop 1 floor!
 80836 | Vaults:2 | Reached skill level 1 in Staves
 81363 | Vaults:2 | Found a gateway to a bazaar.
 81392 | Bazaar   | Entered a bazaar
 81401 | Bazaar   | Found Lode's Antique Weapon Emporium.
 81414 | Bazaar   | Found Liruh's Antique Weapon Shoppe.
 81431 | Bazaar   | Found Modorugecy's Antique Armour Shoppe.
 81442 | Bazaar   | Found Sucagur's Antique Armour Emporium.
 82379 | Vaults:3 | Reached XP level 23. HP: 142/160 MP: 29/44
 83071 | Vaults:3 | Found Omnihyagg's Weapon Shoppe.
 83212 | Vaults:3 | Noticed Sojobo
 83222 | Vaults:3 | Paralysed by an air elemental for 1 turns
 83597 | Vaults:3 | Killed Sojobo
 83603 | Vaults:3 | Reached skill level 5 in Air Magic
 84025 | Vaults:3 | Found Poedghesupn's Distillery.
 84241 | Vaults:3 | Found a staircase to the Crypt.
 84363 | Vaults:3 | Found Luturoub's Magic Scroll Emporium.
 84378 | Vaults:3 | Found Lusugum's Weapon Shoppe.
 84717 | Vaults:4 | Noticed Bai Suzhen
 84738 | Vaults:4 | Reached skill level 5 in Staves
 84883 | Vaults:3 | Killed Bai Suzhen
 85602 | Vaults:4 | Killed by an exploding ball lightning

Illustrated notes

Levels and vault maps discovered:
D:1:      minmay_arrival_four_houses, layout_basic
D:2:      layout_basic, uniq_natasha
D:3:      minmay_door_path, layout_basic, nicolae_kikubaaqudgha_miasma_corner,
          grunt_qazlal_clouds, roderic_batcave
D:4:      layout_basic, serial_shops, shop, portal_sewer_entry_a
D:5:      layout_basic, fedhas_altar_3, trog_hazing_becter,
          minmay_temple_entry_waves, kennysheep_minor_cross,
          sigmund_edmund_badplayer, uniq_eustachio
D:6:      layout_cave_pools, serial_shops, kennysheep_mini, nicolae_shop_stone,
          shop, shop, nicolae_shop_hallway_plus, uniq_edmund,
          uniq_crazy_yiuf_cottage
D:7:      layout_loops_ring, grunt_ministairs_14,
          hangedman_abyss_or_decor_stabs, kennysheep_donut,
          minmay_hollow_rounded_squares, uniq_maggie, uniq_duvessa
D:8:      layout_gridville, minmay_shop_damaged, minmay_misc_feat_secret_circle,
          uniq_prince_ribbit1
D:9:      layout_roguey [special_room_orc], lair_entry_dummy, enter_bailey_6,
          minivault_25_ag, bh_walls_and_bars, uniq_psyche
D:10:     layout_loops_ring, nicolae_specific_store
D:11:     layout_gridville, hiddenorc2_lemuel, chequers_serial_rivers_small_a
D:12:     layout_irregular_city, uniq_kirke, uniq_nessos
D:13:     layout_loops_ring, bloody_makhleb, uniq_snorg
D:14:     layout_basic, lightli_vaults_fourway_checkpoint,
          pdpol_wu_jian_five_deadly_venoms, amcnicky_mini_corridor_feature
D:15:     grunt_enter_depths_giant_problem, layout_rooms,
          chequers_serial_rivers_micro_d, uniq_azrael
Temple:   compressed_dpeg_circular_temple
Lair:1:   layout_layer_cave, uniq_amaemon
Lair:2:   wander_river, layout_loops_ring, minmay_swamp_entry_worms,
          guppyfry_snake_entry_island, gauntlet_entry_generic, basic_altar,
          portal_ice_cave_entry_pillars_1
Lair:3:   layout_chaotic_city, infiniplex_staircase_pool, uniq_rupert
Lair:4:   layout_regular_city, nicolae_slime_entry_slimehenge, minmay_holes,
          st_stairs_13
Lair:5:   due_jungle_book, layout_cave_pods, lemuel_fruit_fields
Swamp:1:  layout_falls_marsh, hangedman_swamp_ruin_wall
Swamp:2:  nzn_winding_woodlands_cross [nzn_winding_woodlands_5x15_longhouse,
          nzn_winding_woodlands_5x15_twine,
          nzn_winding_woodlands_5x15_pathside_ponds,
          nzn_winding_woodlands_5x15_lazy_stream,
          nzn_winding_woodlands_15x15_boxy_spiral], layout_basic_swamp,
          evilmike_swamp_ruin_rubble_2
Swamp:3:  layout_basic_swamp, serial_swamp_ruin, evilmike_swamp_ruin_rubble_1,
          evilmike_swamp_ruin_house_1, infiniplex_staircase_pool_2, uniq_donald,
          uniq_louise, uniq_roxanne
Swamp:4:  swamp_pestilence, layout_basic_swamp
Snake:1:  layout_grid_shapes
Snake:2:  layout_rooms, lightli_airlock, grunt_megastairs_4, lemuel_fruit_tree,
          serial_bayou_shore_b, uniq_aizul, uniq_nikola
Snake:3:  layout_rooms, serial_shops, freezing_bzr, hangedman_venom_bottle,
          grunt_megastairs_1
Snake:4:  snake_pit, layout_layer_cave, nicolae_snake_springs,
          serial_bayou_shore_b
Orc:1:    layout_caves, nicolae_orc_lava_tube
Orc:2:    st_orc_pillars, layout_diamond_mine
Elf:1:    layout_gridlike, infiniplex_enter_wizlab_water, serial_shops,
          nicolae_shop_statue_plus, orc_legates
Elf:2:    elven_hall_of_blades_hangedman_alternative
          [nooodl_blade_entry_preview], layout_onion_city, serial_shops,
          nicolae_shop_behind_doors, nicolae_elevator_lobby_plus
Elf:3:    grunt_elf_hall_spiral, layout_onion_city, serial_shops, shop
Vaults:1: gammafunk_ghost_cemetery, v_rooms_6, v_misc_4,
          hangedman_vaults_capsules, vaults_mumra_minichess,
          hangedman_vaults_trim, grunt_vaults_twisty, vaults_room_door_ring,
          v_misc_15, nicolae_vaults_angled_halls, layout_vaults_omnicross
Vaults:2: vaults_mumra_chevron_long, dpeg_vaults_hating_casters,
          v_alt_pattern_1, v_alt_pattern_5, v_misc_33,
          nicolae_vaults_network_barrier, hangedman_vaults_trim, v_misc_13,
          vaults_room_boxed, v_misc_2, nicolae_vaults_asterisk,
          vaults_room_stairs_pillars, ontoclasm_vaults_loading_screen,
          layout_vaults_maze_snakey, serial_shops, bzr_entry_customers
Vaults:3: minmay_crypt_entry_simple_walls, nicolae_vaults_network_quinsquares
          [nicolae_vaults_network_quincunx_subvault,
          nicolae_vaults_network_quincunx_subvault,
          nicolae_vaults_network_quincunx_subvault,
          nicolae_vaults_network_quincunx_subvault],
          nicolae_vaults_network_star, nicolae_vaults_network_periphery,
          v_misc_18, vaults_dpeg_cross, nicolae_vaults_little_squares_2,
          nicolae_vaults_theta, layout_vaults_ring, serial_shops, shop, shop,
          nicolae_shop_trees, nicolae_shop_trees, uniq_sojobo
Vaults:4: ontoclasm_vaults_spin, vaults_room_fancy_cross, grunt_vaults_funnel,
          ontoclasm_vaults_misaligned, ontoclasm_vaults_eye, st_quartered_hall,
          vaults_standard_mumra_x, nicolae_vaults_border_crossing,
          vaults_dpeg_ring, vaults_mumra_hex, layout_vaults_omnigrid,
          uniq_bai_suzhen
Depths:1: layout_cave_shapes, lightli_too_deep, tso_altar, ebering_ghost_xom,
          minivault_16, minmay_shattered_shrine
Depths:2: minmay_sliced_demisemicircle, layout_honeycomb, okawaru_trees_2,
          grunt_pan_entry_in_and_out, hellmouth_3, ashenzari_altar_1, uniq_vv
Depths:3: minmay_shoctagon, layout_basic, enter_ziggurat_b, abyss_entry,
          rand_demon_pan_entry_9, hangedman_geh_valley, lemuel_tele_altar,
          minmay_the_grid_2x2 [minmay_the_grid_spikes, minmay_the_grid_mess,
          minmay_the_grid_doors, minmay_the_grid_prize_trominoes]
Depths:4: evilmike_zot_entry_argh, layout_cave_pools, minmay_misc_feat_iff,
          pf_hell_entry_tar_spiral

Skill      XL: |  1  2  3  4  5  6  7  8  9 10 11 12 13 14 15 16 17 18 19 20 21 22 23 |
---------------+----------------------------------------------------------------------+-----
Spellcasting   | 3 4 6 8 10 12 13 14 15 16 17 18 | 18.2
Conjurations   | 5 6 8 9 10 11 14 15 16 17 18 19 | 19.0
Hexes          | 2 4 |  4.0
Fighting       | 1 2 4 6 8 10 11 12 13 14 | 14.7
Dodging        | 5 7 9 10 12 13 15 16 19 20 21 | 21.0
Stealth        | 6 9 10 | 10.0
Evocations     | 2 5 8 |  8.8
Air Magic      | 3 4 6 |  6.5
Summonings     | 4 7 |  7.0
Shields        | 5 8 11 13 14 | 14.9
Staves         | 3 5 |  5.4

Action                     |  1- 3 |  4- 6 |  7- 9 | 10-12 | 13-15 | 16-18 | 19-21 | 22-24 || total
---------------------------+-------+-------+-------+-------+-------+-------+-------+-------++-------
  Melee: Unarmed           |    23 |       |       |       |       |       |       |       ||    23
         Constrict         |     4 |    11 |    15 |    14 |    28 |    10 |    12 |    27 ||   121
         Tentacles         |     1 |     8 |    24 |    18 |    32 |    16 |    33 |    57 ||   189
         Punch             |     1 |       |     1 |     1 |     2 |     2 |     3 |     5 ||    15
         Dagger            |       |    39 |    33 |       |       |       |       |       ||    72
         Staff             |       |       |    34 |    83 |   125 |    44 |   102 |   159 ||   547
   Cast: Magic Dart        |    75 |   104 |    58 |    25 |       |       |       |       ||   262
         Searing Ray       |     1 |    12 |    35 |     3 |     1 |       |       |       ||    52
         Fulminant Prism   |       |       |    29 |   138 |    31 |    63 |     8 |       ||   269
         Dazzling Flash    |       |       |     2 |       |       |       |       |       ||     2
         Lightning Bolt    |       |       |       |    43 |   204 |    37 |       |       ||   284
         Conjure Ball Ligh |       |       |       |       |   169 |   197 |   270 |   147 ||   783
         Irradiate         |       |       |       |       |     8 |    12 |     4 |       ||    24
         Iron Shot         |       |       |       |       |       |    29 |    93 |    28 ||   150
         Spellforged Servi |       |       |       |       |       |     4 |    27 |     7 ||    38
         Apportation       |       |       |       |       |       |       |     1 |       ||     1
 Invoke: Call Merchant     |       |       |       |     1 |     2 |     2 |       |     5 ||    10
  Evoke: Wand              |       |       |     4 |     2 |     1 |     1 |     2 |       ||    10
         Box of beasts     |       |       |       |     1 |     1 |       |     1 |       ||     3
         Phantom mirror    |       |       |       |     1 |     1 |     1 |       |       ||     3
    Use: Potion            |       |       |     9 |     2 |     3 |     1 |     1 |     2 ||    18
         Scroll            |       |       |    12 |    12 |     7 |     3 |     3 |     3 ||    40
   Stab: Sleeping          |       |     3 |     1 |       |       |     1 |       |     1 ||     6
         Distracted        |       |       |     2 |       |     6 |       |     4 |     3 ||    15
 Armour: Skin              |     2 |    19 |    10 |    19 |    18 |    17 |    39 |    15 ||   139
  Dodge: Dodged            |    23 |    66 |   111 |   262 |   297 |   321 |   342 |   199 ||  1621
  Block: Buckler           |       |       |       |       |       |       |    53 |       ||    53
         Kite shield       |       |       |       |       |       |       |   130 |   200 ||   330

Table legend: (Time is in decaauts)
 A = Elapsed time spent in this place.
 B = Non-inter-level travel time spent in this place.
 C = Inter-level travel time spent in this place.
 D = Time resting spent in this place.
 E = Time spent auto-exploring this place.
 F = Levels seen in this place.
 G = Mean time per level.
                   A        B        C        D        E       F      G
               +--------+--------+--------+--------+--------+-----+--------+
         Total |  85881 |  81411 |   4470 |  31102 |  33641 |  48 | 1789.2 |
       Dungeon |  24894 |  22594 |   2300 |   6838 |  12026 |  15 | 1659.6 |
        Temple |    211 |    173 |     38 |     76 |     75 |   1 |  211.0 |
          Lair |  13693 |  12952 |    741 |   7043 |   3855 |   5 | 2738.6 |
         Swamp |   6462 |   6286 |    176 |   1413 |   2925 |   4 | 1615.5 |
     Snake Pit |   6840 |   6508 |    332 |   2216 |   2594 |   4 | 1710.0 |
  Orcish Mines |   6475 |   6317 |    158 |   3926 |   1646 |   2 | 3237.5 |
   Elven Halls |   7514 |   7222 |    292 |   3666 |   1771 |   3 | 2504.7 |
        Vaults |   6810 |   6740 |     70 |   1806 |   3131 |   4 | 1702.5 |
        Depths |  10031 |   9672 |    359 |   2793 |   4676 |   4 | 2507.8 |
        Bazaar |    327 |    327 |      0 |      0 |    282 |   2 |  163.5 |
         Sewer |    716 |    716 |      0 |    319 |    178 |   1 |  716.0 |
      Ice Cave |   1416 |   1416 |      0 |    785 |    298 |   1 | 1416.0 |
        Wizlab |    267 |    267 |      0 |    221 |      1 |   1 |  267.0 |
      Gauntlet |    218 |    218 |      0 |      0 |    183 |   1 |  218.0 |
               +--------+--------+--------+--------+--------+-----+--------+

Top non-repeatable levels by time:
  Lair:5: 4409 daAuts
   Orc:2: 4353 daAuts
Depths:1: 4029 daAuts
     D:7: 3144 daAuts
   Elf:1: 3041 daAuts
Depths:3: 2927 daAuts
  Lair:2: 2791 daAuts
 Snake:4: 2729 daAuts
Vaults:3: 2644 daAuts
    D:12: 2562 daAuts
  Lair:3: 2509 daAuts
   Elf:3: 2417 daAuts
  Lair:4: 2319 daAuts
 Swamp:2: 2314 daAuts
   Orc:1: 2121 daAuts
